 Dungeon Crawl Stone Soup version 0.25-a0-942-g87a5396 (webtiles) character file.

Game seed: 6840273788426776888, levelgen mode: deterministic

249 DrEnzyme the Magician (level 6, -5/34 HPs)
             Began as a Kobold Wanderer on May 6, 2020.
             Killed by divine providence
             ... invoked by an orc priest
              (16 damage)
             ... on level 4 of the Dungeon.
             The game lasted 00:08:32 (3846 turns).

DrEnzyme the Magician (Kobold Wanderer)             Turns: 3846, Time: 00:08:32

Health: -5/34      AC:  5    Str:  9    XL:     6   Next: 35%
Magic:  13/13      EV: 14    Int: 14    God:
Gold:   86         SH:  0    Dex: 16    Spells: 10/14 levels left

rFire    . . .     SeeInvis .   j - +2 short sword (freeze)
rCold    . . .     Gourm    .   (shield restricted)
rNeg     . . .     Faith    .   n - +1 leather armour {rPois}
rPois    +         Spirit   .   (no helmet)
rElec    .         Reflect  .   i - +0 cloak
rCorr    .         Harm     .   (no gloves)
MR       .....                  (no boots)
Stlth    ++........             (no amulet)
HPRegen  0.11/turn              (no ring)
MPRegen  0.13/turn              (no ring)

@: no status effects
A: small, carnivore
a: no special abilities


You were on level 4 of the Dungeon.
You were completely stuffed.

You visited 1 branch of the dungeon, and saw 4 of its levels.

You collected 86 gold pieces.

Inventory:

Hand Weapons
 j - a +2 short sword of freezing (weapon)
Missiles
 e - 76 stones (quivered)
Armour
 d - a +0 robe
 i - a +0 cloak (worn)
 n - a +1 leather armour of poison resistance (worn)
Jewellery
 o - an uncursed ring of protection from fire {unknown}
Scrolls
 g - a scroll of teleportation
 k - 2 scrolls of immolation
 l - a scroll of blinking {unknown}
Potions
 a - a potion of lignification {unknown}
 b - 3 potions of heal wounds
 c - 2 potions of curing
 h - a potion of haste {unknown}
 m - a potion of resistance
Comestibles
 f - 7 rations


   Skills:
 + Level 1.0 Fighting
 + Level 3.3 Short Blades
 - Level 2.3 Throwing
 + Level 1.6 Dodging
 + Level 2.2 Stealth
 + Level 4.9 Spellcasting
 + Level 2.0 Conjurations
 - Level 2.0 Translocations
   Level 3.0 Ice Magic


You had 10 spell levels left.
You knew the following spells:

 Your Spells              Type           Power        Failure   Level  Hunger
a - Foxfire               Conj/Fire      #...         16%         1    None
b - Sandblast             Erth           #.....       26%         1    None
c - Blink                 Tloc           N/A          17%         2    ##.....

Your spell library contained the following spells:

 Spells                   Type           Power        Failure   Level  Hunger
 Shroud of Golubria       Chrm/Tloc      #.....       26%         2    ##.....
 Gell's Gravitas          Tloc           #.........   32%         3    ###....
 Lesser Beckoning         Tloc           #.........   32%         3    ###....
 Teleport Other           Tloc           #.......     32%         3    ###....
 Stone Arrow              Conj/Erth      #.....       43%         3    ###....
 Ignite Poison            Fire/Tmut/Pois #.......     58%         3    ###....
 Passage of Golubria      Tloc           N/A          73%         4    ####...


Dungeon Overview and Level Annotations

Branches:
Dungeon (4/15)
 Temple: D:4-7

Altars:
Fedhas
Kikubaaqudgha
Vehumet


Innate Abilities, Weirdness & Mutations

You are small and have problems with some larger weapons.
You are carnivorous and can eat meat at any time.


Message History

There is a stone staircase leading down here.
You climb downwards.
There is a stone staircase leading up here.
An orc and an orc priest come into view.
There are monsters nearby!
An orc comes into view. It is wielding a +0 club.
The orc shouts! x2
The orc closely misses you.
The orc priest shouts!
You hit the orc. You freeze the orc.
The orc is severely wounded.
The orc priest calls down the wrath of Beogh upon you.
Beogh smites you!
The orc priest invokes the aid of Beogh against you.
Beogh smites you!
There is a stone staircase leading up here.
The orc hits you but does no damage.
The orc priest invokes the aid of Beogh against you.
Beogh smites you!
You die...

#.# #o#
#.# #o#
#.# #.#
#####o###
#.o.....#
#@###.#.#
#.# #.#.#
... .#. .
##.##.
..## #..
. ..#
####. .##


You could see an orc priest and an orc.

Vanquished Creatures
  A crimson imp (D:3)
  An orc priest (D:3)
  An orc wizard (D:3)
  Natasha (D:2)
  Terence (D:2)
  A gnoll (D:2)
  3 adders
  A worm (D:3)
  A dart slug (D:2)
  2 leopard geckos
  3 orcs (D:3)
  7 goblins
  11 hobgoblins
  5 jackals
  2 quokkas
  3 bats
  7 frilled lizards
  7 kobolds
  11 rats
69 creatures vanquished.

Vanquished Creatures (others)
  140 foxfires
140 creatures vanquished.

Grand Total: 209 creatures vanquished

Notes
Turn   | Place    | Note
-------+----------+-------------------------------------------
     0 | D:1      | DrEnzyme the Kobold Wanderer began the quest for the Orb.
     0 | D:1      | DrEnzyme set off with the following items: a +0 dagger, a
                  | +0 robe, a ration; and the following spells available to
                  | memorise: Blink, Foxfire, Sandblast, Shroud of Golubria,
                  | Gell's Gravitas, Lesser Beckoning, Teleport Other, Ignite
                  | Poison, Stone Arrow, Passage of Golubria
     0 | D:1      | Reached XP level 1. HP: 10/10 MP: 4/4
     2 | D:1      | Learned a level 1 spell: Foxfire
     4 | D:1      | Learned a level 1 spell: Sandblast
   520 | D:1      | Reached XP level 2. HP: 5/15 MP: 4/6
   873 | D:1      | Learned a level 2 spell: Blink
  1110 | D:1      | Reached XP level 3. HP: 19/19 MP: 4/8
  1391 | D:1      | Reached skill level 4 in Spellcasting
  1458 | D:1      | Reached skill level 1 in Stealth
  1917 | D:2      | Reached skill level 1 in Short Blades
  1917 | D:2      | Reached XP level 4. HP: 24/24 MP: 1/10
  2315 | D:2      | Noticed Natasha
  2346 | D:3      | Reached skill level 1 in Conjurations
  2425 | D:2      | Killed Natasha
  2425 | D:2      | Reached XP level 5. HP: 28/28 MP: 9/11
  2552 | D:2      | Noticed Terence
  2567 | D:2      | Killed Terence
  2567 | D:2      | Reached skill level 1 in Dodging
  3257 | D:3      | Reached XP level 6. HP: 32/33 MP: 4/13
  3266 | D:3      | Reached skill level 1 in Fighting
  3446 | D:3      | Found an ancient bone altar of Kikubaaqudgha.
  3490 | D:3      | Found a radiant altar of Vehumet.
  3725 | D:3      | Found a blossoming altar of Fedhas.
  3846 | D:4      | Killed from afar by an orc priest

Levels and vault maps discovered:
D:1:      tarquinn_simple_flora_water_b, layout_loops_ring,
          supply_closet_lemuel, minmay_pentomino_r2
D:2:      layout_basic, kennysheep_generic_room_6, uniq_terence, uniq_natasha
D:3:      layout_rooms, lemuel_doored_altar, lemuel_round_altar,
          overflow_temple_1_default
D:4:      layout_loops_corners, nicolae_overflow_hidden_temple, first_ration,
          uniq_pikel, uniq_grinder, uniq_edmund

Skill      XL: |  1  2  3  4  5  6 |
---------------+-------------------+-----
Spellcasting   | 4 |  4.9
Stealth        | 1 2 |  2.2
Short Blades   | 1 2 3 |  3.3
Conjurations   | 1 2 |  2.0
Dodging        | 1 |  1.6
Fighting       | 1 |  1.0
Throwing       | |  2.3
Translocations | |  2.0
Ice Magic      | |  3.0

Action                   |  1- 3 |  4- 6 || total
-------------------------+-------+-------++-------
Melee: Dagger            |    10 |       ||    10
       Short sword       |    11 |   104 ||   115
 Cast: Foxfire           |    51 |    53 ||   104
  Use: Scroll            |     6 |     3 ||     9
 Stab: Sleeping          |     1 |     3 ||     4
  Eat: Chunk             |    12 |     6 ||    18
Armor: Robe              |     4 |       ||     4
       Leather armour    |     1 |    17 ||    18
Dodge: Dodged            |    32 |    69 ||   101

Table legend:
 A = Non-vault XP
 B = Vault XP
 C = Vault XP percentage of total XP
 D = Non-vault monster count
 E = Vault monster count
 F = Vault count percentage of total count
                 A         B        C        D         E       F
            +---------+---------+-------+---------+---------+-------
      Total |     264 |      93 |  26.1 |      62 |       7 |  10.1
            +---------+---------+-------+---------+---------+-------
        D:1 |      34 |       4 |  10.5 |      20 |       2 |   9.1
        D:2 |      33 |      89 |  73.0 |      14 |       5 |  26.3
        D:3 |     197 |       0 |   0.0 |      28 |       0 |   0.0
            +---------+---------+-------+---------+---------+-------
